 Dungeon Crawl Stone Soup version 0.28-a0-1234-g826d19b2e0 (webtiles) character file.

Game seed: 2707616134094810848

30 frimble the Slasher (level 3, 0/27 HPs)
             Began as a Demonspawn Warper on Dec 24, 2021.
             Succumbed to a goblin's poison
             ... on level 2 of the Dungeon.
             The game lasted 00:01:16 (903 turns).

frimble the Slasher (Demonspawn Warper)              Turns: 903, Time: 00:01:17

Health: 0/27       AC:  3    Str: 11    XL:     3   Next: 5%
Magic:  6/6        EV: 12    Int: 16    God:
Gold:   56         SH:  0    Dex: 12    Spells: 6/6 levels left

rFire   . . .      SeeInvis .   a - +1 falchion
rCold   . . .      Faith    .   (no shield)
rNeg    . . .      Spirit   .   b - +0 leather armour
rPois   .          Reflect  .   (no helmet)
rElec   .          Harm     .   (no cloak)
rCorr   .          Rampage  .   (no gloves)
Will    .....                   (no boots)
Stlth   +.........              (no amulet)
HPRegen 0.09/turn               (no ring)
MPRegen 0.10/turn               (no ring)

@: lethally poisoned (0 -> -2), attractive
A: spiny 1
a: no special abilities


You were on level 2 of the Dungeon.
You visited 1 branch of the dungeon, and saw 2 of its levels.

You collected 56 gold pieces.

Inventory:

Hand Weapons
 a - a +1 falchion (weapon)
Missiles
 d - 5 boomerangs of dispersal (quivered)
Armour
 b - a +0 leather armour (worn)
Scrolls
 c - 2 scrolls of blinking
Potions
 h - a potion of brilliance


   Skills:
 - Level 2.0 Fighting
 + Level 2.7 Long Blades
 - Level 0.8 Throwing
 - Level 0.8 Armour
 - Level 2.5 Dodging
 - Level 2.0 Spellcasting
 - Level 2.6 Translocations


You had 6 spell levels left.
You didn't know any spells.
Your spell library contained the following spells:

 Spells                   Type           Power      Damage    Failure   Level
 Blink                    Tloc           20%        N/A       14%         2
 Gell's Gravitas          Tloc           10%        N/A       26%         3
 Lesser Beckoning         Tloc           10%        N/A       26%         3
 Teleport Other           Tloc           10%        N/A       26%         3
 Sublimation of Blood     Necr           1%         N/A       38%         2
 Manifold Assault         Tloc           10%        N/A       94%         5
 Petrify                  Tmut/Erth      1%         N/A       95%         4
 Irradiate                Conj/Tmut      0%         3d14      100%        5


Dungeon Overview and Level Annotations

Branches:
Dungeon (2/15)

Altars:


Innate Abilities, Weirdness & Mutations

You are partially covered in sharp spines.


Message History

a +0 short sword; a stone; a kobold corpse You barely miss the goblin.
The goblin is heavily wounded.
You feel very sick.
The goblin hits you with a +2 dagger of venom.
You are lethally poisoned!
You hit the goblin.
You kill the goblin!
You feel very sick.
It was a potion of attraction.
You feel attractive to monsters.
You feel sick.
A giant cockroach comes into view.
The giant cockroach is attracted toward you.
Okay, then.
You hit the worm.
The worm is lightly wounded.
* * * LOW HITPOINT WARNING * * *
You feel very sick. The worm is struck by your spines.
The worm bites you but does no damage.
The giant cockroach is struck by your spines.
The giant cockroach closely misses you.
You hit the worm.
The worm is heavily wounded.
* * * LOW HITPOINT WARNING * * *
You feel sick.
The giant cockroach bites you but does no damage.
The worm is struck by your spines. The worm bites you but does no damage.
You barely miss the worm.
The worm is severely wounded.
* * * LOW HITPOINT WARNING * * *
You feel sick.
The giant cockroach barely misses you. x2
You hit the worm but do no damage.
The worm is severely wounded.
* * * LOW HITPOINT WARNING * * *
You feel sick. The worm closely misses you. The giant cockroach bites you.
* * * LOW HITPOINT WARNING * * *
You hit the worm.
The worm is severely wounded.
You die...

#.............
#.............
###............. #
# ................
#.#. #.............
###...###.g.......#
..........w.>.....#
....(.#w#.........#
..... #@#.........#
.... #B#.........#
... #.#.........#
.. #...........# .
##..........#
#..........# .... #
..... # ......


You could see a worm and a giant cockroach.

Vanquished Creatures
  3 endoplasms (D:1)
  2 giant cockroaches (D:1)
  2 goblins
  4 hobgoblins (D:1)
  2 jackals (D:1)
  A quokka (D:1)
  3 ball pythons (D:1)
  2 bats
  A frilled lizard (D:1)
  3 kobolds
  4 rats (D:1)
27 creatures vanquished.

Vanquished Creatures (others)
  3 withered plants (D:1)
3 creatures vanquished.

Grand Total: 30 creatures vanquished

Notes
Turn   | Place    | Note
-------+----------+-------------------------------------------
     0 | D:1      | frimble the Demonspawn Warper began the quest for the Orb.
     0 | D:1      | Reached XP level 1. HP: 16/16 MP: 3/3
   224 | D:1      | Gained mutation: You are partially covered in sharp spines.
                  | [demonic ancestry]
   224 | D:1      | Reached XP level 2. HP: 5/22 MP: 5/5
   669 | D:1      | Found a faded altar of an unknown god.
   873 | D:2      | Reached XP level 3. HP: 27/27 MP: 6/6
   902 | D:2      | HP: 1/27 [giant cockroach (1)]
   903 | D:2      | Succumbed to a goblin's poison

Illustrated notes

Levels and vault maps discovered:
D:1:      mushboom_english_gardens, layout_rooms,
          ebering_ecumenical_altar_petrified
D:2:      layout_basic, basic_altar, uniq_sigmund

Skill      XL: |  1 |
---------------+----+-----
Long Blades    | 2 |  2.7
Dodging        | 2 |  2.5
Fighting       | |  2.0
Throwing       | |  0.8
Armour         | |  0.8
Spellcasting   | |  2.0
Translocations | |  2.6

Action                   || total
-------------------------++-------
Melee: Falchion          ||    46
  Use: Scroll            ||     5
       Potion            ||     1
Armor: Leather armour    ||    16
Dodge: Dodged            ||    34

Table legend: (Time is in decaauts)
 A = Elapsed time spent in this place.
 B = Non-inter-level travel time spent in this place.
 C = Inter-level travel time spent in this place.
 D = Time resting spent in this place.
 E = Time spent auto-exploring this place.
 F = Levels seen in this place.
 G = Mean time per level.
                   A        B        C        D        E       F      G
               +--------+--------+--------+--------+--------+-----+--------+
         Total |    911 |    902 |      9 |      0 |    719 |   2 |  455.5 |
       Dungeon |    911 |    902 |      9 |      0 |    719 |   2 |  455.5 |
               +--------+--------+--------+--------+--------+-----+--------+

Top non-repeatable levels by time:
     D:1: 844 daAuts
     D:2: 66 daAuts
